 Dungeon Crawl Stone Soup version 0.31-a0-331-geda263fcf1 (webtiles) character file.

Game seed: 15678842461806071688

23722 Demosthentine the Grand Scion (level 12, -7/90 HPs)
             Began as a Demonspawn Gladiator on July 20, 2023.
             Was a High Priest of Hepliaklqana.
             Killed by divine providence
             ... invoked by a meliai
              (11 damage)
             ... on level 14 of the Dungeon.
             The game lasted 00:17:53 (13938 turns).

Demosthentine the Grand Scion (DsGl)               Turns: 13938, Time: 00:17:53

Health: -7/90      AC: 11    Str: 17    XL:     12   Next: 74%
Magic:  0/20       EV: 18    Int: 13    God:    Hepliaklqana [*****.]
Gold:   439        SH:  0    Dex: 17    Spells: 11/11 levels left

rFire   . . .        F - +2 trident (freeze)
rCold   . . .        (no shield)
rNeg    + . .        P - +0 troll leather armour
rPois   .            (no helmet)
rElec   +            N - +2 cloak "Rileip" {+Blink}
rCorr   +            l - +0 pair of gloves
SInv    +            t - +0 pair of boots
Will    .....        C - amulet "Iniu" {Spirit rElec rN+ Int+3}
Stlth   +            a - ring of resist corrosion
HPRegen 1.15/turn    L - ring of see invisible
MPRegen 0.17/turn

%: guardian spirit
@: lethally poisoned (-7 -> -8)
A: reduced essence, ignite blood 3, powered by death 1, sharp scales 1
a: Renounce Religion, Evoke Blink, Recall Ancestor, Ancestor Identity,
Transference, Idealise


You were on level 14 of the Dungeon.
You worshipped Hepliaklqana.
Hepliaklqana was extremely pleased with you.
You visited 2 branches of the dungeon, and saw 15 of its levels.

You collected 619 gold pieces.
You spent 180 gold pieces at shops.

Inventory:

Hand Weapons
 F - a +2 trident of freezing (weapon)
Missiles
 d - a throwing net (quivered)
 e - a javelin
Armour
 l - a +0 pair of gloves (worn)
 t - a +0 pair of boots (worn)
 N - the +2 cloak "Rileip" (worn) {+Blink}
   (You found it on level 12 of the Dungeon)

   +Blink:    It lets you blink.
 P - a +0 troll leather armour (worn)
Jewellery
 a - a ring of resist corrosion (left hand)
 b - an amulet of reflection
 C - the amulet "Iniu" (around neck) {Spirit rElec rN+ Int+3}
   (You found it on level 7 of the Dungeon)

   [amulet of guardian spirit]

   It causes incoming damage to be divided between your reserves of health and
   magic.
   Int:       It affects your intelligence (+3).
   rElec:     It insulates you from electricity.
   rN:        It protects you from negative energy.
 K - an amulet of regeneration
 L - a ring of see invisible (right hand)
 M - a ring of protection from cold
 O - a ring of positive energy
Talismans
 i - a serpent talisman
 u - a maw talisman
 E - a beast talisman
Wands
 m - a wand of mindburst (21)
 q - a wand of flame (20)
 v - a wand of light (14)
 x - a wand of polymorph (7)
 B - a wand of iceblast (17)
Scrolls
 c - 6 scrolls of identify
 g - 9 scrolls of teleportation
 y - 2 scrolls of silence
 D - a scroll of fog
 G - 3 scrolls of amnesia
 H - a scroll of enchant weapon
 I - 2 scrolls of fear
Potions
 f - 2 potions of lignification
 h - 2 potions of curing
 j - 5 potions of heal wounds
 k - 3 potions of mutation
 n - 3 potions of berserk rage
 o - a potion of resistance
 p - 4 potions of haste
 r - a potion of enlightenment
 s - 3 potions of attraction
 w - a potion of brilliance
 z - 5 potions of might
 A - 2 potions of cancellation


   Skills:
 + Level 11.1 Fighting
 + Level 10.4 Polearms
 - Level 1.7 Throwing
 + Level 6.0 Armour
 + Level 10.5 Dodging
 - Level 11.2 Invocations


You had 11 spell levels left.
You didn't know any spells.
Your spell library contained the following spells:

 Spells                   Type           Power      Damage    Failure   Level
 Freeze                   Ice            0%         1d3       36%         1
 Magic Dart               Conj           0%         1d3       36%         1
 Call Imp                 Summ           0%         N/A       50%         2
 Ensorcelled Hibernation  Hex/Ice        0%         N/A       50%         2
 Scorch                   Fire           0%         2d5       50%         2
 Sublimation of Blood     Necr           0%         N/A       50%         2
 Wereblood                Tmut           0%         N/A       50%         2
 Frozen Ramparts          Ice            0%         1d1       73%         3
 Hailstorm                Conj/Ice       0%         3d3       73%         3
 Inner Flame              Hex/Fire       0%         N/A       73%         3
 Mephitic Cloud           Conj/Pois/Air  0%         N/A       73%         3
 Vhi's Electric Charge    Tloc/Air       0%         N/A       73%         3
 Anguish                  Hex/Necr       0%         N/A       98%         4
 Flame Wave               Conj/Fire      0%         2d4       98%         4
 Olgreb's Toxic Radiance  Pois           0%         N/A       98%         4
 Sticky Flame             Conj/Fire      0%         2d3       98%         4
 Arcjolt                  Conj/Air       0%         1d10      100%        5
 Plasma Beam              Fire/Air       0%         2x1d10    100%        6
 Summon Cactus Giant      Summ           0%         N/A       100%        6
 Summon Hydra             Summ           0%         N/A       100%        7
 Discord                  Hex            0%         N/A       100%        8
 Ignition                 Fire           0%         3d3       100%        8


Dungeon Overview and Level Annotations

Branches:
Dungeon (14/15)            Temple (1/1) D:4            Lair (0/5) D:8
    Orc (0/2) D:11
 Vaults: D:13-14

Altars:
Ashenzari
Cheibriados
Dithmenos
Fedhas
Gozag
Hepliaklqana
Kikubaaqudgha
Makhleb
Nemelex Xobeh
Okawaru
Qazlal
Ru
Sif Muna
Trog
Uskayaw
Vehumet
Wu Jian
Xom
Yredelemnul

Shops:
D:1 !   D:5 *   D:8 :

Portals:
Trove: D:12 (give 16 scrolls of teleportation)

Annotations:
D:13 2 transporters


Innate Abilities, Weirdness & Mutations

Your life essence is reduced to manifest your ancestor. (-10% HP)
Your demonic aura causes all spilled blood to erupt in flames.
You regenerate a little health from kills.
You are partially covered in razor-sharp scales. (AC +1, Slay +1)


Message History

You kill the meliai!
You feel sick.
The meliai hits Iltani with a +0 war axe!
Iltani is destroyed!
Unknown command.
Reach: F) +2 trident (freeze)
Press: ? - help, Dir - move target, f - meliai
Aim: a meliai, wielding a +0 war axe and wearing a +0 robe (almost dead, lightly drained, about 39% to evade your +2 trident of freezing)
You reach to attack!
You completely miss the meliai.
The meliai is almost dead.
You feel sick.
The meliai calls down the wrath of its god upon you.
Something smites you!
* * * LOW HITPOINT WARNING * * *
A meliai comes into view. It is wielding a +0 broad axe.
You hit the meliai but do no damage.
The meliai is almost dead.
You feel sick. The meliai barely misses you. x2
The meliai calls upon its god to heal the meliai.
The meliai is healed somewhat.
The meliai misses you. The meliai barely misses you.
Unknown command.
You miss the meliai.
The meliai is moderately wounded.
You feel sick.
Unknown command.
Blink to where?
Press: ? - help, Dir - move target, p - meliai
As you read the scroll of blinking, it crumbles to dust.
You feel sick.
The meliai invokes the aid of its god against you.
Something smites you!
* * * LOW HITPOINT WARNING * * *
You feel sick.
You feel sick.
There is a stone staircase leading up here.
You feel sick.
The meliai invokes the aid of its god against you.
Something smites you!
You die...

#. #†#
#.#####.###########
#.................#
#....R..#########.#
#.###.#### #.#
##.## #.# ##.# #.#
#.##########.#
#.yy.@...)...#
#.#.###########
#.##.######### ..#
#...(......
#.####..###.####
#..y.y..# #.####)##
... .##.#


You could see 2 meliai.

Vanquished Creatures
  A hydra (D:13)
  2 boulder beetles (D:12)
  2 centaur warriors (D:13)
  4 two-headed ogres
  3 deep elf pyromancers
  Pikel (D:6)
  An ugly thing (D:13)
  3 cyclopes
  5 manticores
  An unseen horror (D:12)
  A kobold demonologist (D:10)
  An efreet (D:13)
  A troll (D:13)
  A meliai (D:14)
  Prince Ribbit (D:8)
  A hornet (D:9)
  A culicivora (shapeshifter) (D:14)
  15 yaks
  A shadow (D:11)
  A human (shapeshifter) (D:13)
  2 wraiths (D:12)
  5 vampire mosquitoes
  Edmund (D:4)
  Duvessa (D:5)
  A water moccasin (D:9)
  2 black bears
  2 ice beasts (D:6)
  4 orc warriors
  4 sky beasts
  A phantom (D:6)
  7 centaurs
  3 ogres
  2 kobold brigands
  A bullfrog (D:8)
  A lemure (D:6)
  Blork the orc (D:4)
  2 scorpions
  3 wights (D:8)
  Dowan (D:5)
  9 killer bees
  An electric eel (D:11)
  5 howler monkeys
  A hound (D:4)
  8 orc priests
  A jelly (D:6)
  3 iguanas
  2 sleepcaps (D:5)
  Ijyb (D:3)
  Natasha (thrice) (D:4)
  2 hexers
  14 orc wizards
  8 gnolls
  2 adders
  2 white imps
  An ufetubus (D:5)
  6 dart slugs
  34 orcs
  6 ball pythons
  3 bats
  9 endoplasms
  4 giant cockroaches
  7 goblins
  7 hobgoblins
  2 jackals (D:1)
  3 quokkas
  3 frilled lizards
  14 kobolds
  2 rats
254 creatures vanquished.

Vanquished Creatures (collateral kills)
  A hydra (D:12)
  A boulder beetle (D:11)
  A manticore (D:11)
  A troll (D:12)
  2 wraiths
  A wyvern (D:8)
  2 yaks (D:10)
  2 vampire mosquitoes (D:12)
  An acid dragon (D:10)
  A water moccasin (D:8)
  An orc warrior (D:8)
  An ice beast (D:7)
  An ogre (D:5)
  2 centaurs
  A gnoll sergeant (D:9)
  A scorpion (D:6)
  2 wights (D:8)
  3 killer bees (D:9)
  3 gnolls
  3 orcs (D:8)
  3 kobolds (D:8)
  A quokka (D:5)
35 creatures vanquished.

Vanquished Creatures (others)
  3 hexers
  An orc wizard (D:8)
  An ancestor (D:6)
5 creatures vanquished.

Grand Total: 294 creatures vanquished

Notes
Turn   | Place    | Note
-------+----------+-------------------------------------------
     0 | D:1      | Demosthentine the Demonspawn Gladiator began the quest for
                  | the Orb.
     0 | D:1      | Reached XP level 1. HP: 16/16 MP: 1/1
   133 | D:1      | Gained mutation: Your demonic aura sometimes causes spilled
                  | blood to erupt in flames. [demonic ancestry]
   133 | D:1      | Reached XP level 2. HP: 17/22 MP: 2/2
   418 | D:1      | Found Xoehiem's Distillery.
   424 | D:1      | Bought a potion of curing for 39 gold pieces
   428 | D:1      | Reached skill level 1 in Armour
   474 | D:1      | Reached XP level 3. HP: 23/28 MP: 3/3
  1375 | D:2      | Found a faded altar of an unknown god.
  1601 | D:3      | Noticed Ijyb
  1607 | D:3      | Killed Ijyb
  1608 | D:3      | Gained mutation: Your demonic aura often causes spilled
                  | blood to erupt in flames. [demonic ancestry]
  1608 | D:3      | Reached XP level 4. HP: 21/34 MP: 4/4
  1861 | D:3      | Found a shimmering altar of Xom.
  1987 | D:3      | Reached XP level 5. HP: 26/41 MP: 5/5
  2081 | D:3      | Noticed an ogre
  2087 | D:3      | Killed an ogre
  2514 | D:4      | Found a staircase to the Ecumenical Temple.
  2530 | Temple   | Entered the Ecumenical Temple
  2547 | Temple   | Became a worshipper of Hepliaklqana the Forgotten
  2612 | D:4      | Noticed Blork the orc
  2623 | D:4      | Killed Blork the orc
  2624 | D:4      | Reached XP level 6. HP: 12/47 MP: 6/6
  2624 | D:4      | Found an ancient bone altar of Kikubaaqudgha.
  2625 | D:4      | Found a snail-covered altar of Cheibriados.
  2625 | D:4      | Found a sparkling altar of Nemelex Xobeh.
  2785 | D:4      | Noticed Natasha
  2798 | D:4      | Killed Natasha
  2913 | D:4      | Noticed Natasha
  2920 | D:4      | Killed Natasha
  3201 | D:4      | Noticed Natasha
  3210 | D:4      | Killed Natasha
  3211 | D:4      | Gained mutation: You regenerate a little health from kills.
                  | [demonic ancestry]
  3211 | D:4      | Reached XP level 7. HP: 36/54 MP: 7/7
  3279 | D:4      | Noticed Edmund
  3291 | D:4      | Killed Edmund
  3478 | D:5      | Entered Level 5 of the Dungeon
  3601 | D:5      | Found Movaaforgh's Assorted Antiques.
  3651 | D:5      | Bought a scroll labelled BYOSYM VAEGOQ for 24 gold pieces
  3651 | D:5      | Bought a scroll of identify for 48 gold pieces
  3651 | D:5      | Bought a scroll of identify for 48 gold pieces
  3651 | D:5      | Bought a murky yellow potion for 21 gold pieces
  3837 | D:5      | Noticed Duvessa
  3838 | D:5      | Noticed Dowan
  3846 | D:5      | Killed Duvessa
  3847 | D:5      | Reached skill level 5 in Dodging
  3849 | D:5      | Killed Dowan
  3850 | D:5      | Reached skill level 5 in Polearms
  3850 | D:5      | Gained mutation: Your demonic aura causes all spilled blood
                  | to erupt in flames. [demonic ancestry]
  3850 | D:5      | Reached XP level 8. HP: 56/61 MP: 8/8
  3922 | D:5      | Reached * piety under Hepliaklqana
  3947 | D:5      | Reached skill level 5 in Fighting
  5021 | D:6      | Noticed Pikel
  5065 | D:6      | Reached skill level 5 in Armour
  5069 | D:6      | Killed Pikel
  5070 | D:6      | Reached XP level 9. HP: 25/62 MP: 9/9
  5995 | D:7      | Reached ** piety under Hepliaklqana
  5997 | D:7      | Remembered your ancestor Iltani as a hexer
  6051 | D:7      | Reached skill level 1 in Invocations
  6288 | D:7      | Identified the amulet "Iniu" {Spirit rElec rN+ Int+3}
  7077 | D:8      | Found a broken altar of Ashenzari.
  7111 | D:8      | Found a hide-covered altar of Uskayaw.
  7131 | D:8      | Found a staircase to the Lair.
  7282 | D:8      | Noticed Prince Ribbit
  7299 | D:8      | Killed Prince Ribbit
  7453 | D:8      | Found Afixy's Book Boutique.
  7644 | D:8      | Reached XP level 10. HP: 37/71 MP: 6/13
  7750 | D:8      | Found a burning altar of Makhleb.
  7942 | D:8      | Reached *** piety under Hepliaklqana
  8247 | D:8      | Reached skill level 5 in Invocations
  8369 | D:9      | Paralysed by a hornet for 1 turns
  8373 | D:9      | HP: 1/71 [hornet (9)]
  8373 | D:9      | Paralysed by a hornet for 1 turns
  8383 | D:9      | Found a basalt altar of Yredelemnul.
  9347 | D:10     | Entered Level 10 of the Dungeon
  9430 | D:10     | Found a stormy altar of Qazlal.
  9613 | D:10     | Gained mutation: You are partially covered in razor-sharp
                  | scales. (AC +1, Slay +1) [demonic ancestry]
  9613 | D:10     | Reached XP level 11. HP: 78/78 MP: 16/16
  9822 | D:10     | Reached **** piety under Hepliaklqana
 10078 | D:11     | Identified the +6 great sword of Superiority {speed, rF+
                  | Int+3 Dex+4}
 10228 | D:11     | Noticed a boulder beetle
 10510 | D:11     | Killed a boulder beetle
 10747 | D:11     | Found a hazy altar of Hepliaklqana.
 11061 | D:11     | Found a staircase to the Orcish Mines.
 11061 | D:11     | Noticed a two-headed ogre
 11069 | D:11     | Killed a two-headed ogre
 11174 | D:11     | Noticed a two-headed ogre
 11181 | D:11     | Killed a two-headed ogre
 11291 | D:12     | Noticed a boulder beetle
 11327 | D:12     | Killed a boulder beetle
 11430 | D:12     | Found a portal to a secret trove of treasure.
 11443 | D:12     | Reached ***** piety under Hepliaklqana
 11600 | D:12     | Reached skill level 10 in Fighting
 11710 | D:12     | Noticed a boulder beetle
 11711 | D:12     | Noticed an eight-headed hydra
 11723 | D:12     | Killed an eight-headed hydra
 11760 | D:12     | Killed a boulder beetle
 11761 | D:12     | Reached skill level 10 in Invocations
 11761 | D:12     | Reached XP level 12. HP: 42/87 MP: 10/19
 12346 | D:12     | Identified the +2 cloak "Rileip" {+Blink}
 12574 | D:13     | Noticed a centaur warrior
 12714 | D:13     | Killed a centaur warrior
 12718 | D:13     | Reached skill level 10 in Dodging
 12888 | D:13     | Noticed a two-headed ogre
 12895 | D:13     | Killed a two-headed ogre
 12896 | D:13     | Reached skill level 10 in Polearms
 13222 | D:13     | Noticed a two-headed ogre
 13228 | D:13     | Killed a two-headed ogre
 13383 | D:13     | Found a transporter.
 13429 | D:13     | Found a transporter.
 13472 | D:13     | Noticed a centaur warrior
 13475 | D:13     | Noticed a six-headed hydra
 13480 | D:13     | Killed a centaur warrior
 13483 | D:13     | Killed a six-headed hydra
 13579 | D:13     | Identified the +1 war axe of the Big Fish {flame, rElec
                  | SInv}
 13935 | D:14     | HP: 4/90 [meliai/divine providence (8)]
 13938 | D:14     | Killed from afar by a meliai

Illustrated notes

Levels and vault maps discovered:
D:1:      scummos_arrival_hexagon, layout_loops_ring, serial_shops,
          nicolae_shop_just_a_little_nook, chequers_mini_garden
D:2:      layout_loops_corners, hellmonk_ecumenical_altar_heavens_door,
          grunt_ministairs_6
D:3:      layout_loops_cross, mainiacjoe_overflow_brackets, uniq_ijyb
D:4:      layout_cave_pods, chequers_temple_overflow_statue_of_worship,
          minmay_temple_entry_overgrown, uniq_natasha, uniq_blork_the_orc,
          uniq_edmund
D:5:      layout_loops_cross, serial_shops, shop, uniq_duvessa
D:6:      layout_layer_cave, uniq_pikel
D:7:      layout_basic
D:8:      layout_cave_pods, old_standard_altar, ashenzari_conservatory_becter,
          mainiacjoe_overflow_small_starburst, lair_entry_dummy, serial_shops,
          nicolae_diamond_shop, uniq_prince_ribbit1
D:9:      layout_loops_ring, mainiacjoe_overflow_boulevard
D:10:     layout_irregular_city, general_overflow_altar,
          nicolae_twisty_statue_hallways
D:11:     layout_roguey, orc_0_dummy, hangedman_decor_peaks_small, fountainhead,
          nrook_mini_vaults, chequers_garden, worldfamousw_hep_ancestral_shrine
D:12:     layout_loops_ring, enter_trove_1
D:13:     gammafunk_worm_tunnel, layout_loops_ring, minmay_microvault
D:14:     layout_loops_ring, grunt_vaults_entry_tiered, xom_teletrap_fun,
          hangedman_decor_clover_reticule, nicolae_water_bricks, uniq_jorgrun,
          uniq_louise
Temple:   compressed_dpeg_triangle_lava_temple

Skill      XL: |  1  2  3  4  5  6  7  8  9 10 11 12 |
---------------+-------------------------------------+-----
Dodging        | 3 4 5 6 7 8 9 10 | 10.5
Polearms       | 3 4 5 6 7 8 9 10 | 10.4
Armour         | 1 2 3 4 5 6 |  6.0
Fighting       | 3 4 6 7 8 10 11 | 11.1
Invocations    | 4 7 10 11 | 11.2
Throwing       | |  1.7

Action                     |  1- 3 |  4- 6 |  7- 9 | 10-12 || total
---------------------------+-------+-------+-------+-------++-------
  Melee: Trident           |   116 |    55 |       |   480 ||   651
         Spear             |       |    66 |   313 |    90 ||   469
         Punch             |       |     2 |     2 |    13 ||    17
  Throw: Throwing net      |       |     3 |     3 |     2 ||     8
 Invoke: Ancestor Life: He |       |       |     1 |       ||     1
    Use: Scroll            |     7 |     3 |    11 |     4 ||    25
         Potion            |       |     1 |       |     6 ||     7
   Stab: Sleeping          |     5 |       |     2 |     1 ||     8
         Held in net/web   |       |       |     2 |       ||     2
         Distracted        |       |       |     2 |     8 ||    10
         Confused          |       |       |     1 |     8 ||     9
 Armour: Leather armour    |    26 |    13 |    58 |    94 ||   191
         Troll leather arm |       |       |       |     4 ||     4
  Dodge: Dodged            |    61 |    50 |   122 |   302 ||   535

Table legend: (Time is in decaauts)
 A = Elapsed time spent in this place.
 B = Non-inter-level travel time spent in this place.
 C = Inter-level travel time spent in this place.
 D = Time resting spent in this place.
 E = Time spent auto-exploring this place.
 F = Levels seen in this place.
 G = Mean time per level.
                   A        B        C        D        E       F      G
               +--------+--------+--------+--------+--------+-----+--------+
         Total |  13820 |  13547 |    273 |    403 |  10982 |  15 |  921.3 |
       Dungeon |  13786 |  13513 |    273 |    403 |  10982 |  14 |  984.7 |
        Temple |     34 |     34 |      0 |      0 |      0 |   1 |   34.0 |
               +--------+--------+--------+--------+--------+-----+--------+

Top non-repeatable levels by time:
     D:6: 1494 daAuts
     D:8: 1384 daAuts
    D:12: 1377 daAuts
    D:11: 1229 daAuts
    D:13: 1122 daAuts
     D:7: 1067 daAuts
     D:4: 999 daAuts
     D:9: 964 daAuts
     D:5: 872 daAuts
     D:3: 846 daAuts
     D:2: 834 daAuts
     D:1: 784 daAuts
    D:10: 686 daAuts
    D:14: 122 daAuts
  Temple: 34 daAuts
